 Dungeon Crawl Stone Soup version 0.30.1-11-g7821555f0a (webtiles) character file.

Game seed: 18094553680083443045

898 RancidPinata the Trooper (level 8, 0/45 HPs)
             Began as a Gargoyle Gladiator on Dec 5, 2023.
             Was a Believer of Okawaru.
             Slain by an orc warrior
             ... wielding a +0 heavy long sword
              (13 damage)
             ... on level 6 of the Dungeon.
             The game lasted 00:15:08 (4924 turns).

RancidPinata the Trooper (Gargoyle Gladiator)       Turns: 4924, Time: 00:15:09

Health: 0/45       AC: 11    Str: 20    XL:     8   Next: 7%
Magic:  8/8        EV: 11    Int:  9    God:    Okawaru [**....]
Gold:   88         SH:  0    Dex: 11    Spells: 7/7 levels left

rFire   . . .        a - +0 flail
rCold   . . .        (no shield)
rNeg    + . .        g - +0 ring mail
rPois   ∞            (helmet restricted)
rElec   +            (no cloak)
rCorr   .            (no gloves)
SInv    +            (no boots)
Will    .....        (no amulet)
Stlth   +            w - ring of see invisible
HPRegen 0.27/turn    C - +4 ring of slaying
MPRegen 0.11/turn

%: no passive effects
@: no status effects
A: sickness immunity, AC +5, negative energy resistance 1, electricity
resistance, torment resistance 1, petrification resistance, horns 1, frail 1,
sense surroundings 1, evolution 1
a: Renounce Religion, Heroism


You were on level 6 of the Dungeon.
You worshipped Okawaru.
Okawaru was pleased with you.
You visited 1 branch of the dungeon, and saw 6 of its levels.

You collected 232 gold pieces.
You spent 144 gold pieces at shops.

Inventory:

Hand Weapons
 a - a +0 flail (weapon)
 y - a +0 whip of freezing
Missiles
 b - 38 stones
 d - 2 throwing nets
 e - 3 javelins
 k - 13 poisoned darts
 x - 6 boomerangs (quivered)
Armour
 c - a +0 helmet
 g - a +0 ring mail (worn)
Jewellery
 w - a ring of see invisible (left hand)
 C - a +4 ring of slaying (right hand)
Scrolls
 f - a scroll of fog {unknown}
 h - 5 scrolls of teleportation {unknown}
 i - a scroll of brand weapon {unknown}
 l - 2 scrolls of poison {unknown}
 m - a scroll of enchant weapon {unknown}
 n - a scroll of immolation {unknown}
 p - 4 scrolls of identify
 r - a scroll of noise {unknown}
 s - a scroll of butterflies {unknown}
 u - 2 scrolls of vulnerability {unknown}
 B - a scroll of amnesia {unknown}
Potions
 j - a potion of flight {unknown}
 o - a potion of degeneration {unknown}
 q - 2 potions of curing
 t - a potion of haste {unknown}
 v - a potion of berserk rage {unknown}
 z - a potion of attraction {unknown}
 A - a potion of might {unknown}


   Skills:
 * Level 6.1 Fighting
 * Level 5.2 Maces & Flails
 + Level 3.7 Throwing
 + Level 3.8 Armour
 - Level 2.4 Dodging
 + Level 2.2 Stealth


You had 7 spell levels left.
You didn't know any spells.
Your spell library contained the following spells:

 Spells                   Type           Power      Damage    Failure   Level
 Slow                     Hex            0%         N/A       54%         1
 Confusing Touch          Hex            0%         N/A       89%         3
 Vampiric Draining        Necr           0%         2d6       89%         3


Dungeon Overview and Level Annotations

Branches:
Dungeon (6/15)
 Temple: D:4-7

Altars:
Ashenzari
Cheibriados
Dithmenos
Elyvilon
Fedhas
Gozag
Hepliaklqana
Nemelex Xobeh
Okawaru
Qazlal
Ru
Sif Muna
Vehumet
Wu Jian
Yredelemnul
Zin
The Shining One

Shops:
D:2 ?   D:4 !


Innate Abilities, Weirdness & Mutations

You are immune to sickness and miasma.
Your stone body is resilient. (AC +5)
You are immune to poison.
You resist negative energy. (rN+)
You are resistant to electric shocks. (rElec)
You are resistant to unholy torment.
You are immune to petrification.
You have a pair of small horns on your head.
You are frail. (-10% HP)
You passively map a small area around you.
You have hidden genetic potential.


Message History

Found 13 gold pieces.
Found a potion of mutation.
C - a +4 ring of slaying
C - a +4 ring of slaying (right hand)
You now have 88 gold pieces (gained 13).
You see here a potion of mutation.
Really quaff the potion of mutation?
Uppercase [Y]es or [N]o only, please.
Really quaff the potion of mutation?
You feel extremely strange.
You feel robust.
You feel clever.
You feel clumsy. A pair of horns grows on your head!
You feel frail.
You feel a strange attunement to the structure of the dungeons.
You feel a hidden potential growing inside you.
You hear the slow hiss of a very distant avalanche of sand.
Found a shimmering blue altar of Sif Muna.
An orc warrior comes into view. It is wielding a +0 heavy long sword.
The orc warrior attacks as you move away!
The orc warrior closely misses you.
You hit the orc warrior.
The orc warrior is lightly wounded.
The orc warrior barely misses you.
You closely miss the orc warrior. Your headbutt misses the orc warrior.
The orc warrior is lightly wounded.
The orc warrior hits you with a +0 heavy long sword!!
You barely miss the orc warrior.
You headbutt the orc warrior, but do no damage.
The orc warrior is lightly wounded.
You hit the orc warrior.
You headbutt the orc warrior, but do no damage.
The orc warrior is lightly wounded.
The orc warrior hits you with a +0 heavy long sword!
You closely miss the orc warrior.
You headbutt the orc warrior, but do no damage.
The orc warrior is lightly wounded.
The orc warrior hits you with a +0 heavy long sword!
* * * LOW HITPOINT WARNING * * *
You feel better.
The orc warrior hits you with a +0 heavy long sword!
You die...

, * _ ###..........
## ##............ #..
##.......#..... ,
..###....)...#..... ,
* #∩#...#...........
, ,
##...##...........
###...##........)...
#..o.##.............
,,,
*#_:@##......#.......
#..####.....#.......
* ### #.....#.......
#...........##
#.########### #.# #.#
*.# *


You could see an orc warrior.

Vanquished Creatures
  A water moccasin (D:5)
  A black bear (D:4)
  A sky beast (D:5)
  A phantom (D:5)
  A scorpion (D:4)
  A howler monkey (D:4)
  2 jellies
  3 hounds
  A gnoll bouda (D:5)
  2 orc wizards
  An iguana (D:5)
  3 gnolls (D:5)
  6 adders
  2 ufetubi (D:5)
  2 worms (D:3)
  A dart slug (D:4)
  15 orcs
  6 endoplasms
  3 giant cockroaches
  2 goblins
  4 hobgoblins
  8 jackals
  A quokka (D:5)
  3 ball pythons
  7 bats
  A frilled lizard (D:3)
  4 kobolds
  5 rats
88 creatures vanquished.

Notes
Turn   | Place    | Note
-------+----------+-------------------------------------------
     0 | D:1      | RancidPinata the Gargoyle Gladiator began the quest for the
                  | Orb.
     0 | D:1      | Reached XP level 1. HP: 12/12 MP: 1/1
   345 | D:1      | Reached XP level 2. HP: 18/18 MP: 2/2
  1012 | D:2      | Found Qytodghevaxt's Magic Scroll Boutique.
  1020 | D:2      | Bought a scroll of identify for 28 gold pieces
  1020 | D:2      | Bought a scroll of identify for 28 gold pieces
  1146 | D:2      | Reached skill level 1 in Armour
  1214 | D:2      | Reached XP level 3. HP: 21/22 MP: 3/3
  1226 | D:2      | Reached skill level 3 in Fighting
  1359 | D:2      | Found a white marble altar of Elyvilon.
  1720 | D:3      | Found an iron altar of Okawaru.
  1733 | D:3      | Became a worshipper of Warmaster Okawaru
  1778 | D:3      | Found a faded altar of an unknown god.
  1879 | D:3      | Found a radiant altar of Vehumet.
  1880 | D:3      | Found a blossoming altar of Fedhas.
  1882 | D:3      | Found a sacrificial altar of Ru.
  1897 | D:3      | Reached XP level 4. HP: 21/28 MP: 4/4
  2173 | D:2      | Reached XP level 5. HP: 30/33 MP: 5/5
  2194 | D:3      | Reached skill level 4 in Fighting
  2545 | D:3      | Found a shadowy altar of Dithmenos.
  2836 | D:4      | Noticed a black bear
  2863 | D:4      | Killed a black bear
  2863 | D:4      | Reached * piety under Okawaru
  2864 | D:4      | Reached XP level 6. HP: 7/39 MP: 6/6
  3001 | D:4      | Found a basalt altar of Yredelemnul.
  3020 | D:4      | Found a white marble altar of Elyvilon.
  3354 | D:4      | Found a sparkling altar of Nemelex Xobeh.
  3479 | D:4      | Reached skill level 5 in Fighting
  3603 | D:4      | Found a hazy altar of Hepliaklqana.
  3641 | D:4      | Found Xumo's Distillery.
  3649 | D:4      | Bought a potion of mutation for 88 gold pieces
  3649 | D:4      | Gained mutation: You are dopey. (Int -2) [potion of
                  | mutation]
  3649 | D:4      | Gained mutation: You have a pair of small antennae on your
                  | head. [potion of mutation]
  3650 | D:4      | Lost mutation: You are dopey. (Int -2) [potion of mutation]
  3650 | D:4      | Lost mutation: You have a pair of small antennae on your
                  | head. [potion of mutation]
  3650 | D:4      | Gained mutation: You are dopey. (Int -2) [potion of
                  | mutation]
  3650 | D:4      | Gained mutation: You are agile. (Dex +4, Str/Int -1)
                  | [potion of mutation]
  3650 | D:4      | Gained mutation: You are frail. (-10% HP) [potion of
                  | mutation]
  3694 | D:5      | Entered Level 5 of the Dungeon
  3769 | D:5      | Noticed a water moccasin
  3783 | D:5      | Killed a water moccasin
  3784 | D:5      | Reached XP level 7. HP: 17/39 MP: 7/7
  3786 | D:5      | Reached skill level 1 in Stealth
  4164 | D:5      | Found an ornate altar of the Wu Jian Council.
  4229 | D:5      | Found a glowing golden altar of the Shining One.
  4230 | D:5      | Found a snail-covered altar of Cheibriados.
  4235 | D:5      | Found an opulent altar of Gozag.
  4299 | D:5      | Reached ** piety under Okawaru
  4300 | D:5      | Reached skill level 5 in Maces & Flails
  4373 | D:5      | Found a broken altar of Ashenzari.
  4516 | D:5      | Reached skill level 6 in Fighting
  4644 | D:5      | Reached XP level 8. HP: 45/45 MP: 8/8
  4754 | D:5      | Found a stormy altar of Qazlal.
  4756 | D:5      | Found a glowing silver altar of Zin.
  4885 | D:6      | Lost mutation: You are frail. (-10% HP) [potion of
                  | mutation]
  4885 | D:6      | Lost mutation: You are dopey. (Int -2) [potion of mutation]
  4885 | D:6      | Lost mutation: You are agile. (Dex +4, Str/Int -1) [potion
                  | of mutation]
  4885 | D:6      | Gained mutation: You have a pair of small horns on your
                  | head. [potion of mutation]
  4885 | D:6      | Gained mutation: You are frail. (-10% HP) [potion of
                  | mutation]
  4885 | D:6      | Gained mutation: You passively map a small area around you.
                  | [potion of mutation]
  4885 | D:6      | Gained mutation: You have hidden genetic potential. [potion
                  | of mutation]
  4913 | D:6      | Found a shimmering blue altar of Sif Muna.
  4923 | D:6      | HP: 2/45 [orc warrior/+0 heavy long sword (14)]
  4924 | D:6      | Slain by an orc warrior

Illustrated notes

Levels and vault maps discovered:
D:1:      lightli_molten_gateway, layout_basic, chequers_big_river,
          nicolae_concentric_dashed_squares_wild
D:2:      layout_basic, basic_altar, serial_shops,
          nicolae_shop_tiny_statue_garden
D:3:      layout_loops_cross, okawaru_trees_2,
          chequers_temple_overflow_statue_of_worship,
          mainiacjoe_overflow_tiny_flanked, shapermc_ecumenical_altar_ellora,
          minmay_liquid_box, small_statue_alley_b, kennysheep_nub
D:4:      layout_basic, mainiacjoe_overflow_small_starburst,
          nicolae_hepliaklqana_hippocampus,
          mainiacjoe_overflow_concentric_impassable,
          mainiacjoe_overflow_chevrons, serial_shops, shop, minmay_statues_item,
          chequers_serial_rivers_room_a
D:5:      layout_rooms, lemuel_crystal_altar, mainiacjoe_overflow_paths,
          nicolae_overflow_hidden_temple
D:6:      layout_basic, nzn_overflow_gifts_of_might_and_magic,
          minmay_temple_entry_from_below_a, nicolae_ossuary_entry_monument

Skill      XL: |  1  2  3  4  5  6  7 |
---------------+----------------------+-----
Throwing       | 2 3 |  3.7
Armour         | 1 2 3 |  3.8
Fighting       | 3 4 5 6 |  6.1
Maces & Flails | 4 5 |  5.2
Stealth        | 2 |  2.2
Dodging        | |  2.4

Action                     |  1- 3 |  4- 6 |  7- 9 || total
---------------------------+-------+-------+-------++-------
  Melee: Flail             |   108 |   132 |   105 ||   345
         Punch             |     1 |     1 |     2 ||     4
         Headbutt          |       |       |     3 ||     3
  Throw: Dart              |       |     7 |       ||     7
         Throwing net      |       |     3 |       ||     3
         Boomerang         |       |     3 |       ||     3
    Use: Potion            |       |     3 |     2 ||     5
   Stab: Held in net/web   |       |     1 |       ||     1
 Armour: Ring mail         |    63 |    90 |    38 ||   191
         Leather armour    |     3 |       |       ||     3
  Dodge: Dodged            |    69 |   100 |    58 ||   227
